 Dungeon Crawl Stone Soup version 0.21-a0-476-gd103f4b (webtiles) character file.

33933 Kidiri the Thaumaturge (level 13, -2/73 HPs)
             Began as a Deep Elf Fire Elementalist on Nov 22, 2017.
             Was a High Priest of Vehumet.
             Engulfed by a cloud of freezing vapour (16 damage)
             ... on level 4 of the Lair of Beasts.
             The game lasted 00:57:39 (18328 turns).

Kidiri the Thaumaturge (DEFE)                      Turns: 18328, Time: 00:57:40

Health: -2/73      AC: 23    Str:  5    XL:     13   Next: 39%
Magic:  26/42      EV: 16    Int: 37    God:    Vehumet [*****.]
Gold:   923        SH:  8    Dex: 15    Spells: 0/38 levels left

rFire    + . .     SeeInvis .   u - +11 falchion "Uvei" {protect, MR++ Int-4 Dex+3}
rCold    . . .     Gourm    +   L - +0 buckler
rNeg     . . .     Faith    .   y - +1 leather armour "Myalaur" {+Inv Int+6 Dex-3}
rPois    +         Spirit   .   i - +3 hat of Pondering {ponderous, MR+ MP+10 Int+5}
rElec    .         Reflect  .   K - +2 cloak
rCorr    .         Harm     .   (no gloves)
MR       ++++.                  M - +2 pair of boots
Stlth    ++........             q - amulet of the gourmand
HPRegen  0.22/turn              m - +2 ring of intelligence
MPRegen  0.28/turn              z - ring of fire

@: about to teleport, protection aura, slow
A: large bone plates 1, slimy green scales 1, clever 1, cold resistance 1,
poison resistance
a: Renounce Religion, Evoke Invisibility


You were on level 4 of the Lair of Beasts.
You worshipped Vehumet.
Vehumet was extremely pleased with you.
You were full.

You visited 3 branches of the dungeon, and saw 15 of its levels.
You also visited: Ossuary.

You collected 923 gold pieces.

Inventory:

Hand Weapons
 e - a +5 dagger of holy wrath
 u - the +11 falchion "Uvei" (weapon) {protect, MR++ Int-4 Dex+3}
   (You found it on level 4 of the Dungeon)

   It protects the one who uses it against injury (+AC on strike).
   It affects your intelligence (-4).
   It affects your dexterity (+3).
   It affects your resistance to hostile enchantments.
Armour
 i - the +3 hat of Pondering (worn) {ponderous, MR+ MP+10 Int+5}
   (You took it off Gastronok on level 3 of the Lair of Beasts)

   It affects your intelligence (+5).
   It affects your resistance to hostile enchantments.
   It affects your magic capacity (+10).
 y - the +1 leather armour "Myalaur" (worn) {+Inv Int+6 Dex-3}
   (You found it on level 5 of the Dungeon)

   It affects your intelligence (+6).
   It affects your dexterity (-3).
   It lets you turn invisible.
 C - a +2 hat of intelligence
 K - a +2 cloak (worn)
 L - a +0 buckler (worn)
 M - a +2 pair of boots (worn)
Jewellery
 b - an uncursed amulet of harm
 m - a +2 ring of intelligence (left hand)
 p - an uncursed ring of protection from cold
 q - an amulet of the gourmand (around neck)
 s - an uncursed ring of protection from cold
 v - an uncursed ring of teleportation
 z - a ring of fire (right hand)
Scrolls
 g - 7 scrolls of teleportation
 l - 2 scrolls of fog
 o - a scroll of amnesia
 w - 10 scrolls of remove curse
 A - a scroll of enchant armour
 I - 6 scrolls of immolation
Potions
 f - 2 potions of ambrosia
 k - a potion of cancellation
 n - 2 potions of brilliance {unknown}
 r - 3 potions of lignification
 t - 6 potions of flight {unknown}
 x - a potion of resistance
 B - a potion of might
 D - 2 potions of mutation {unknown}
 E - a potion of berserk rage
 G - 7 potions of degeneration {unknown}
 H - 2 potions of haste {unknown}
 R - a potion of agility
Books
 a - a book of Clouds

   Spells                             Type                      Level
   a - Poisonous Vapours              Poison/Air                   2
   b - Mephitic Cloud                 Conjuration/Poison/Air       3
   c - Conjure Flame                  Conjuration/Fire             3
   d - Freezing Cloud                 Conjuration/Ice/Air          6
   e - Ring of Flames                 Charms/Fire                  7
 J - a book of the Sky

   Spells                             Type                      Level
   a - Summon Lightning Spire         Summoning/Air                4
   b - Silence                        Hexes/Air                    5
   c - Deflect Missiles               Charms/Air                   6
   d - Conjure Ball Lightning         Conjuration/Air              6
   e - Tornado                        Air                          9
Comestibles
 c - 6 bread rations
 d - 5 meat rations
 j - 5 royal jellies
 F - 8 fruits


   Skills:
 + Level 5.4 Fighting
 + Level 6.3 Short Blades
 + Level 5.4 Armour
 + Level 8.6 Dodging
 - Level 2.4 Stealth
 + Level 2.3 Shields
 * Level 13.3 Spellcasting
 + Level 7.9 Conjurations
 + Level 1.7 Charms
 + Level 8.8 Fire Magic
 + Level 6.0 Ice Magic
 + Level 6.2 Air Magic
 + Level 6.1 Poison Magic
 + Level 7.0 Evocations


You couldn't memorise any spells.
You knew the following spells:

 Your Spells              Type           Power        Failure   Level  Hunger
a - Flame Tongue          Conj/Fire      #####        1%          1    None
b - Throw Flame           Conj/Fire      ######       1%          2    None
c - Conjure Flame         Conj/Fire      #######.     1%          3    None
d - Inner Flame           Hex/Fire       ######..     1%          3    None
e - Ignite Poison         Fire/Tmut/Pois #######.     1%          3    None
f - Sticky Flame          Conj/Fire      #######.     1%          4    None
g - Fireball              Conj/Fire      #######...   1%          5    None
h - Ring of Flames        Chrm/Fire      #######...   95%         7    #####..
i - Freezing Cloud        Conj/Ice/Air   ######....   8%          6    ##.....
j - Mephitic Cloud        Conj/Pois/Air  ######..     1%          3    None
u - Sting                 Conj/Pois      ####         1%          1    None


Dungeon Overview and Level Annotations

Branches:
Dungeon (10/15)            Temple (1/1) D:5            Lair (4/6) D:10
  Swamp (0/4) Lair:2       Spider (0/4) Lair:2
    Orc: D:9-12

Altars:
Ashenzari
Cheibriados
Dithmenos
Elyvilon
Fedhas
Gozag
Hepliaklqana
Kikubaaqudgha
Makhleb
Nemelex Xobeh
Okawaru
Qazlal
Ru
Sif Muna
Trog
Uskayaw
Vehumet
Wu Jian
Xom
Yredelemnul
Zin
The Shining One

Shops:
D:4 (   D:6 *


Innate Abilities, Weirdness & Mutations

You are partially covered in large bone plates. (SH +4)
You are partially covered in slimy green scales. (AC +2)
Your mind is acute. (Int +2)
Your flesh is cold resistant. (rC+)
Your system is resistant to poisons. (rPois)


Message History

Unknown command.
As you read the scroll of teleportation, it crumbles to dust.
You feel strangely unstable. The fire dragon misses you.
You riposte.
You slash the fire dragon!
Your weapon exudes an aura of protection.
The fire dragon is severely wounded.
You block the fire dragon's attack. x2
Unknown command.
Unknown command.
The fire dragon breathes flames at you. The blast of flame misses you.
Unknown command.
Casting: Freezing Cloud
Confirm with . or Enter, or press ? or * to list all spells.
Aiming: Freezing Cloud
Press: ? - help, Dir - move target cursor, f/p - fire dragon
Aim: a fire dragon (severely wounded, catching its breath) That beam is likely to hit you.
Continue anyway?
You are engulfed in freezing vapours.
You die...

...........(.....# #.#
.................# ##.#
....#............# #..#
....###..........# #.##
...#.............#### #.#
...#..P........§§§..# #.#
..#...##......§§D##.####.#
......#........§§##.##...#
................@##....###
......#..........#######
......##.........########
...#####..............).#
....##.#................#
.......[................#
........................#
.###+#.##...............###
.###..##..................#


You could see a fire dragon.

Vanquished Creatures
  Gastronok (Lair:3)
  Fannar (Lair:3)
  4 hydras
  A two-headed ogre (D:9)
  7 death yaks
  Urug (D:10)
  Nergalle (Lair:3)
  The ghost of anet the Vexing, a novice DEWz of Ashenzari (D:8)
  Joseph (D:9)
  Psyche (D:8)
  A torpor snail (Lair:4)
  3 black mambas
  11 spiny frogs
  4 komodo dragons
  2 rime drakes
  A polar bear (Lair:4)
  A jumping spider (Lair:2)
  A troll (D:10)
  16 blink frogs
  5 hippogriffs
  21 yaks
  A basilisk (Lair:4)
  A hungry ghost (D:8)
  A steam dragon (D:7)
  5 vampire mosquitoes (Lair:2)
  2 insubstantial wisps (D:7)
  Menkaure (D:7)
  Edmund (D:5)
  10 porcupines
  2 water moccasins
  3 orc warriors
  A black bear (D:8)
  A phantom (D:7)
  3 ice beasts
  4 sky beasts (D:7)
  6 ogres
  12 crocodiles
  3 big kobolds
  13 bullfrogs
  3 gnoll sergeants
  4 scorpions
  8 wights
  An electric eel (Lair:4)
  2 howler monkeys
  2 crimson imps
  A centaur zombie (D:8)
  3 jellies
  A quasit (D:7)
  6 hounds
  2 orc priests
  A human zombie (Ossuary)
  6 orc wizards
  An iguana (D:4)
  7 worker ants
  2 big kobold zombies (Ossuary)
  2 hound skeletons
  5 mummies (Ossuary)
  12 gnolls
  A howler monkey skeleton (D:8)
  16 adders
  3 shadow imps
  2 oozes
  An adder zombie (D:10)
  5 worms
  2 dart slugs
  7 leopard geckos
  23 orcs
  6 giant cockroaches
  A gnoll zombie (Ossuary)
  6 goblins
  5 hobgoblins
  17 jackals
  3 quokkas
  4 ball pythons
  2 bats
  4 frilled lizards
  2 goblin zombies (Ossuary)
  17 kobolds
  2 kobold zombies (Ossuary)
  A leopard gecko skeleton (D:4)
  8 rats
  A bush (Lair:4)
  4 fungi
  A plant (Lair:2)
368 creatures vanquished.

Vanquished Creatures (others)
  A scorpion (D:7)
  A hound (D:7)
  A gnoll (D:7)
  An adder (D:7)
  A kobold (D:7)
  17 fungi
  6 plants
28 creatures vanquished.

Grand Total: 396 creatures vanquished

Notes
Turn   | Place    | Note
-------+----------+-------------------------------------------
     0 | D:1      | Kidiri the Deep Elf Fire Elementalist began the quest for the Orb.
     0 | D:1      | Reached XP level 1. HP: 10/10 MP: 6/6
   213 | D:1      | Reached XP level 2. HP: 15/15 MP: 6/8
   218 | D:1      | Learned a level 2 spell: Throw Flame
   839 | D:1      | Reached skill level 4 in Spellcasting
  1017 | D:1      | Reached XP level 3. HP: 19/19 MP: 7/10
  1086 | D:1      | Learned a level 3 spell: Conjure Flame
  1090 | D:1      | Learned a level 3 spell: Inner Flame
  1406 | D:2      | Found a faded altar of an unknown god.
  1558 | D:2      | Found a radiant altar of Vehumet.
  1600 | D:2      | Became a worshipper of Vehumet
  1636 | D:2      | Reached XP level 4. HP: 21/24 MP: 6/12
  1951 | D:2      | Found an ornate altar of the Wu Jian Council.
  2261 | D:3      | Reached skill level 5 in Spellcasting
  2310 | D:3      | Learned a level 4 spell: Sticky Flame
  2557 | D:3      | Found a snail-covered altar of Cheibriados.
  3008 | D:4      | Found Onoz's Weapon Emporium.
  3084 | D:4      | Reached XP level 5. HP: 28/28 MP: 9/14
  3172 | D:4      | Reached * piety under Vehumet
  3172 | D:4      | Offered knowledge of Shock by Vehumet.
  3321 | D:4      | Noticed an ogre
  3326 | D:4      | Killed an ogre
  3326 | D:4      | Reached skill level 6 in Spellcasting
  3326 | D:4      | Reached XP level 6. HP: 25/32 MP: 10/17
  3336 | D:4      | Got a steaming falchion
  3337 | D:4      | Identified the +11 falchion "Uvei" {protect, MR++ Int-4 Dex+3} (You found it on level 4 of the Dungeon)
  3411 | D:4      | Learned a level 5 spell: Fireball
  4183 | D:5      | Entered Level 5 of the Dungeon
  4211 | D:5      | Reached skill level 1 in Short Blades
  4211 | D:5      | Reached skill level 7 in Spellcasting
  4211 | D:5      | Reached skill level 5 in Fire Magic
  4211 | D:5      | Reached XP level 7. HP: 37/37 MP: 9/19
  4418 | D:5      | Reached skill level 1 in Fighting
  4418 | D:5      | Reached skill level 1 in Armour
  4424 | D:5      | Learned a level 1 spell: Shock
  4470 | D:5      | Got a heavily runed leather armour
  4481 | D:5      | Identified the +1 leather armour "Myalaur" {+Inv Int+6 Dex-3} (You found it on level 5 of the Dungeon)
  4552 | D:5      | Found a staircase to the Ecumenical Temple.
  4557 | Temple   | Entered the Ecumenical Temple
  5018 | D:5      | Noticed Edmund
  5027 | D:5      | Killed Edmund
  5757 | D:6      | Noticed a hippogriff
  5763 | D:6      | Killed a hippogriff
  5763 | D:6      | Reached skill level 1 in Air Magic
  5763 | D:6      | Reached skill level 1 in Evocations
  5763 | D:6      | Reached XP level 8. HP: 38/43 MP: 12/21
  5849 | D:6      | Reached skill level 8 in Spellcasting
  5980 | D:6      | Found Gozag's Platinum Reserve.
  5983 | D:6      | Found an opulent altar of Gozag.
  6450 | D:7      | Reached ** piety under Vehumet
  6511 | D:7      | Offered knowledge of Sting by Vehumet.
  6547 | D:7      | Reached XP level 9. HP: 26/48 MP: 4/23
  6584 | D:7      | Gained mutation: Your mind is acute. (Int +2) [mutagenic meat]
  6585 | D:7      | Gained mutation: You are partially covered in slimy green scales. (AC +2) [mutagenic meat]
  6586 | D:7      | Gained mutation: Your flesh is cold resistant. (rC+) [mutagenic meat]
  6588 | D:7      | Gained mutation: You are partially covered in large bone plates. (SH +4) [mutagenic meat]
  6589 | D:7      | Gained mutation: Your system is resistant to poisons. (rPois) [mutagenic meat]
  6707 | D:7      | Reached skill level 9 in Spellcasting
  6716 | D:7      | Reached skill level 5 in Conjurations
  6871 | D:7      | Learned a level 1 spell: Sting
  6940 | D:7      | Reached skill level 5 in Dodging
  7127 | D:7      | Reached skill level 1 in Poison Magic
  7145 | D:7      | Learned a level 6 spell: Freezing Cloud
  7238 | D:7      | Noticed Menkaure
  7246 | D:7      | Killed Menkaure
  7387 | D:7      | Found a shimmering altar of Xom.
  7526 | D:7      | Offered knowledge of Stone Arrow by Vehumet.
  7841 | D:8      | Reached skill level 1 in Ice Magic
  7894 | D:8      | Noticed Psyche
  7935 | D:8      | Reached *** piety under Vehumet
  7988 | D:8      | Reached XP level 10. HP: 51/56 MP: 18/25
  8055 | D:8      | Offered knowledge of Airstrike by Vehumet.
  8146 | D:8      | Found a sand-covered staircase.
  8152 | Ossuary  | Entered an ossuary
  8393 | D:8      | Reached skill level 10 in Spellcasting
  8709 | D:8      | Reached **** piety under Vehumet
  8749 | D:8      | Noticed anet's ghost (novice DEWz)
  8758 | D:8      | Killed anet's ghost
  8758 | D:8      | Offered knowledge of Ignite Poison by Vehumet.
  8763 | D:8      | Learned a level 3 spell: Ignite Poison
  9096 | D:8      | Killed Psyche
  9385 | D:9      | Found a white marble altar of Elyvilon.
  9471 | D:9      | Noticed Joseph
  9483 | D:9      | Killed Joseph
  9650 | D:9      | Noticed a two-headed ogre
  9660 | D:9      | Killed a two-headed ogre
  9814 | D:9      | Found an iron altar of Okawaru.
  9814 | D:9      | Found a burning altar of Makhleb.
  9814 | D:9      | Found a glowing silver altar of Zin.
 10530 | D:10     | Entered Level 10 of the Dungeon
 10754 | D:10     | Noticed Urug
 10975 | D:10     | Found an opulent altar of Gozag.
 11191 | D:10     | Got a scorched ring mail
 11202 | D:10     | Identified the +9 ring mail of Impressiveness {rC- Str+5} (You found it on level 10 of the Dungeon)
 11228 | D:10     | Found a staircase to the Lair.
 11412 | D:10     | Killed Urug
 11412 | D:10     | Reached XP level 11. HP: 27/60 MP: 13/27
 11548 | D:10     | Learned a level 3 spell: Mephitic Cloud
 11578 | D:10     | Reached skill level 5 in Evocations
 11875 | Lair:1   | Entered Level 1 of the Lair of Beasts
 11882 | Lair:1   | Reached skill level 11 in Spellcasting
 12452 | Lair:1   | Noticed an eight-headed hydra
 12455 | Lair:1   | Killed an eight-headed hydra
 12455 | Lair:1   | Reached skill level 5 in Short Blades
 13299 | Lair:2   | Found a hole to the Spider Nest.
 13305 | Lair:2   | Noticed a death yak
 13311 | Lair:2   | Noticed a death yak
 13312 | Lair:2   | Noticed a death yak
 13318 | Lair:2   | Killed a death yak
 13325 | Lair:2   | Killed a death yak
 13325 | Lair:2   | Reached skill level 5 in Air Magic
 13329 | Lair:2   | Killed a death yak
 13335 | Lair:2   | Reached XP level 12. HP: 27/67 MP: 6/29
 13679 | Lair:2   | Found a staircase to the Swamp.
 13720 | Lair:2   | Got a shimmering spear
 13721 | Lair:2   | Identified the +2 spear of Termination {drain, *Rage rF+ rC+ Int+7} (You found it on level 2 of the Lair of Beasts)
 13734 | Lair:2   | Noticed a six-headed hydra
 13740 | Lair:2   | Killed an eight-headed hydra
 13740 | Lair:2   | Reached skill level 12 in Spellcasting
 13992 | Lair:2   | Reached skill level 5 in Poison Magic
 15136 | Lair:3   | Reached skill level 5 in Ice Magic
 15280 | Lair:3   | Noticed Fannar
 15330 | Lair:3   | Noticed a six-headed hydra
 15338 | Lair:3   | Killed Fannar
 15340 | Lair:3   | Killed a six-headed hydra
 15340 | Lair:3   | Reached skill level 1 in Shields
 15611 | Lair:3   | Noticed Nergalle
 15619 | Lair:3   | Killed Nergalle
 15621 | Lair:3   | Reached skill level 5 in Fighting
 15634 | Lair:3   | Reached skill level 5 in Armour
 15649 | Lair:3   | Noticed Gastronok
 16069 | Lair:3   | Killed Gastronok
 16594 | Lair:4   | Reached ***** piety under Vehumet
 16594 | Lair:4   | Offered knowledge of Yara's Violent Unravelling by Vehumet.
 16594 | Lair:4   | Reached XP level 13. HP: 72/72 MP: 17/31
 16816 | Lair:4   | Reached skill level 13 in Spellcasting
 16997 | Lair:4   | Learned a level 7 spell: Ring of Flames
 17139 | Lair:4   | Reached skill level 1 in Charms
 17580 | Lair:4   | Noticed a fire dragon
 18328 | Lair:4   | Engulfed by a cloud of freezing vapour

Vault maps used:
D:1:      dpeg_arrival_ternary
D:2:      lemuel_round_altar, lemuel_coloured_pillars_altar,
          chequers_ecumenical_altar_simple
D:3:      cheibriados_altar_1
D:4:      minmay_wonky_spiral, serial_shops, nicolae_shop_waterfront,
          hangedman_minor_gate_pass
D:5:      temple_doors_e, first_bread, uniq_edmund
D:6:      nicolae_gozag_zags_fifth_avenue
D:7:      xom_confusion_cloud, hangedman_misty_isle, uniq_menkaure
D:8:      nicolae_ossuary_entry_plus, uniq_psyche
D:9:      kennysheep_mini, gammafunk_temple_overflow_forgotten, uniq_joseph
D:10:     due_lair_maze_entry_diamond, basic_altar, minmay_misc_feat_five,
          uniq_urug
Temple:   dshaligram_water_room_temple
Lair:1:   grunt_megastairs_4, lemuel_fruit_tree
Lair:2:   minmay_swamp_entry_swarm, spider_nest_entry_a, grunt_megastairs_2
Lair:3:   uniq_gastronok, uniq_fannar, uniq_nergalle
Lair:4:   dragon1_lemuel
Ossuary:  ossuary_crypta

Skill      XL: |  1  2  3  4  5  6  7  8  9 10 11 12 13 |
---------------+----------------------------------------+-----
Spellcasting   | 4 5 6 7 8 9 10 11 12 13 | 13.3
Conjurations   | 2 3 4 5 6 7 |  7.9
Fire Magic     | 4 5 6 7 8 |  8.8
Short Blades   | 1 2 3 4 5 6 |  6.3
Dodging        | 3 4 5 6 7 8 |  8.6
Fighting       | 1 2 3 4 5 |  5.4
Armour         | 1 2 3 4 5 |  5.4
Air Magic      | 1 2 3 4 5 6 |  6.2
Evocations     | 1 2 3 4 5 6 7 |  7.0
Poison Magic   | 2 3 4 5 6 |  6.1
Ice Magic      | 1 3 4 5 6 |  6.0
Shields        | 1 2 |  2.3
Charms         | 1 |  1.7
Stealth        | |  2.4

Action                   |  1- 3 |  4- 6 |  7- 9 | 10-12 | 13-15 || total
-------------------------+-------+-------+-------+-------+-------++-------
Melee: Dagger            |    36 |    17 |    10 |       |       ||    63
       Falchion          |       |       |   101 |   176 |    21 ||   298
 Cast: Flame Tongue      |    51 |    79 |    68 |   134 |    26 ||   358
       Sticky Flame      |       |     9 |    24 |    40 |    23 ||    96
       Throw Flame       |       |     2 |     2 |    22 |     5 ||    31
       Inner Flame       |       |     1 |     9 |    11 |     2 ||    23
       Fireball          |       |       |     2 |    25 |    10 ||    37
       Conjure Flame     |       |       |     8 |     9 |       ||    17
       Shock             |       |       |     3 |       |       ||     3
       Sting             |       |       |       |     4 |       ||     4
       Freezing Cloud    |       |       |       |    16 |     3 ||    19
       Ignite Poison     |       |       |       |     5 |     1 ||     6
       Mephitic Cloud    |       |       |       |     4 |     3 ||     7
  Use: Scroll            |       |     9 |     4 |    16 |     6 ||    35
       Potion            |       |       |     1 |     3 |     7 ||    11
 Stab: Sleeping          |     6 |     8 |     4 |     3 |       ||    21
       Distracted        |       |     1 |       |       |       ||     1
  Eat: Chunk             |     2 |     9 |    10 |    28 |     7 ||    56
       Bread ration      |       |       |     2 |       |       ||     2
       Fruit             |       |       |     1 |    12 |       ||    13
       Meat ration       |       |       |       |     1 |       ||     1
Armor: Robe              |     7 |    21 |     5 |       |       ||    33
       Leather armour    |       |       |    38 |    60 |    25 ||   123
Dodge: Dodged            |    43 |    47 |   123 |   126 |    38 ||   377
Block: Other             |       |       |    18 |    27 |       ||    45
       Buckler           |       |       |       |    17 |    33 ||    50
       Rpst.: Falchion   |       |       |    29 |    31 |     8 ||    68

Table legend:
 A = Spawn XP
 B = Non-spawn XP
 C = Spawn XP percentage of total XP
 D = Spawn monster count
 E = Non-spawn monster count
 F = Spawn count percentage of total count
 G = Total turns spent on level
                    A         B        C        D         E        F      G
               +---------+---------+-------+---------+---------+-------+---------
         Total |       0 |   48476 |   0.0 |       0 |     362 |   0.0 | 18328
               +---------+---------+-------+---------+---------+-------+---------
           D:1 |       0 |      54 |   0.0 |       0 |      26 |   0.0 |  1355
           D:2 |       0 |      56 |   0.0 |       0 |      20 |   0.0 |   701
           D:3 |       0 |      76 |   0.0 |       0 |      14 |   0.0 |   991
           D:4 |       0 |     472 |   0.0 |       0 |      19 |   0.0 |  1156
           D:5 |       0 |     524 |   0.0 |       0 |      11 |   0.0 |  1396
           D:6 |       0 |    1026 |   0.0 |       0 |      19 |   0.0 |   717
           D:7 |       0 |    2481 |   0.0 |       0 |      45 |   0.0 |  1431
           D:8 |       0 |    2823 |   0.0 |       0 |      43 |   0.0 |  1229
           D:9 |       0 |    2076 |   0.0 |       0 |      27 |   0.0 |  1483
          D:10 |       0 |    2519 |   0.0 |       0 |      18 |   0.0 |  1093
        Lair:1 |       0 |    6039 |   0.0 |       0 |      23 |   0.0 |  1489
        Lair:2 |       0 |    8674 |   0.0 |       0 |      27 |   0.0 |  1929
        Lair:3 |       0 |    9213 |   0.0 |       0 |      23 |   0.0 |  1544
        Lair:4 |       0 |   12258 |   0.0 |       0 |      34 |   0.0 |  1491
       Ossuary |       0 |     185 |   0.0 |       0 |      13 |   0.0 |   232
               +---------+---------+-------+---------+---------+-------+---------
